 Dungeon Crawl Stone Soup version 0.23.0 (webtiles) character file.

Game seed: 13170411152872048562

3922 Gorice the Cleaver (level 10, -4/70 HPs)
             Began as a Demonspawn Monk on Feb 17, 2019.
             Was a Believer of Kikubaaqudgha.
             Slain by a porcupine (8 damage)
             ... on level 7 of the Dungeon.
             The game lasted 00:44:10 (9004 turns).

Gorice the Cleaver (Demonspawn Monk)                Turns: 9004, Time: 00:44:13

Health: -4/70      AC: 16    Str: 19    XL:     10   Next: 1%
Magic:  10/10      EV:  9    Int: 14    God:    Kikubaaqudgha [**....]
Gold:   384        SH:  3    Dex: 15    Spells: 8/9 levels left

rFire    . . .     SeeInvis .   a - +0 war axe
rCold    + + .     Gourm    .   (no shield)
rNeg     . . .     Faith    .   w - +4 chain mail {rC+}
rPois    .         Spirit   .   (helmet restricted)
rElec    .         Reflect  +   (no cloak)
rCorr    .         Harm     .   (no gloves)
MR       .....                  (no boots)
Stlth    ..........             h - +3 amulet of reflection
HPRegen  0.21/turn              c - ring of Pragmatism {rC+ Str+4 Int+2}
MPRegen  0.12/turn              (no ring)

@: marked
A: horns 1, molten scales 1, spiny 1, rot immunity
a: Receive Corpses, Renounce Religion


You were on level 7 of the Dungeon.
You worshipped Kikubaaqudgha.
Kikubaaqudgha was pleased with you.
You were not hungry.

You visited 2 branches of the dungeon, and saw 9 of its levels.

You collected 384 gold pieces.

Inventory:

Hand Weapons
 a - a +0 war axe (weapon)
 b - a +1 hunting sling of velocity
   (You took it off Joseph on level 7 of the Dungeon)
 m - a +0 hand axe
 q - a +2 flail of protection
   (You took it off an orc on level 2 of the Dungeon)
 s - a +1 whip of electrocution
   (You took it off Robin on level 3 of the Dungeon)
 B - a +2 shortbow of velocity
   (You took it off a centaur on level 6 of the Dungeon)
 E - a +0 battleaxe
 H - a +0 fustibalus
Missiles
 d - 63 sling bullets
 v - 9 tomahawks (quivered)
 C - 13 arrows
 Y - 238 stones
 Z - a throwing net {!f}
Armour
 o - a +3 scale mail of cold resistance
   (You took it off Ijyb on level 3 of the Dungeon)
 w - a +4 chain mail of cold resistance (worn)
   (You took it off Terence on level 3 of the Dungeon)
Jewellery
 c - the ring of Pragmatism (left hand) {rC+ Str+4 Int+2}
   (You found it on level 6 of the Dungeon)

   [ring of protection from cold]

   It affects your strength (+4).
   It affects your intelligence (+2).
   It protects you from cold.
 h - a +3 amulet of reflection (around neck)
 x - an uncursed amulet of regeneration {unknown}
 I - an uncursed ring of ice
Wands
 n - a wand of paralysis (1)
 p - a wand of iceblast (6)
 u - a wand of polymorph (3)
 F - a wand of flame (13)
Scrolls
 l - 2 scrolls of amnesia
 y - a scroll of fog
 D - a scroll of enchant armour
Potions
 e - 3 potions of haste {!q}
 f - a potion of curing
 g - 2 potions of flight
 i - 3 potions of brilliance {!q}
 j - a potion of lignification {unknown}
 k - 2 potions of ambrosia
 r - 4 potions of cancellation {!q}
 t - a potion of might {!q}
Comestibles
 A - 13 rations


   Skills:
 - Level 3.0 Fighting
 * Level 11.3 Axes
 + Level 7.0 Armour
 - Level 2.6 Dodging
 - Level 1.7 Stealth


You had 8 spell levels left.
You knew the following spells:

 Your Spells              Type           Power        Failure   Level  Hunger
s - Animate Skeleton      Necr           N/A          95%         1    ##.....

Your spell library contained the following spells:

 Spells                   Type           Power        Failure   Level  Hunger
 Pain                     Necr           #...         95%         1    ##.....
 Sublimation of Blood     Necr           #.........   99%         2    ###....
 Vampiric Draining        Necr           #.........   100%        3    ####...


Dungeon Overview and Level Annotations

Branches:
Dungeon (8/15)             Temple (1/1) D:5
   Lair: D:8-11

Altars:
Ashenzari
Cheibriados
Dithmenos
Elyvilon
Fedhas
Gozag
Hepliaklqana
Kikubaaqudgha
Makhleb
Nemelex Xobeh
Okawaru
Qazlal
Ru
Sif Muna
Trog
Uskayaw
Vehumet
Wu Jian
Xom
Yredelemnul
Zin
The Shining One

Shops:
D:6 :

Annotations:
D:6 1 runed translucent door, Tiagovsky's ghost, novice MiFi


Innate Abilities, Weirdness & Mutations

You have a pair of small horns on your head.
You are partially covered in molten scales. (AC +2)
You are partially covered in sharp spines.
You are immune to rotting.


Message History

The bullfrog is struck by your spines. The bullfrog hits you.
A porcupine and a bullfrog come into view.
You block the bullfrog's attack.
An orc comes into view. It is wielding a +0 hand axe.
A black bear comes into view.
A steam dragon comes into view.
The porcupine closely misses you.
You slash the bullfrog!
The bullfrog is heavily wounded.
Your chain mail prevents you from hitting the bullfrog.
You are struck by the porcupine's spines.
* * * LOW HITPOINT WARNING * * *
You closely miss the porcupine. The bullfrog is struck by your spines.
The bullfrog barely misses you. The bullfrog is struck by your spines.
The bullfrog hits you.
* * * LOW HITPOINT WARNING * * *
The bullfrog is struck by your spines.
The bullfrog hits you but does no damage.
The porcupine barely misses you.
Damage: 16 (max 16) Really read
z - a scroll of fear {!r}?
As you read the scroll of fear {!r}, it crumbles to dust.
You assume a fearsome visage.
The bullfrog looks frightened!
The black bear looks frightened! x2; The bullfrog looks frightened!
The porcupine looks frightened!
The steam dragon looks frightened!
The orc looks frightened!
A porcupine comes into view. 2 orcs come into view.
The porcupine twitches its whiskers.
A quokka comes into view.
A shadow imp comes into view.
An ice beast comes into view.
Cornered, the bullfrog turns to fight!
An orc wizard comes into view. It is wielding a +0 dagger.
There is a stone staircase leading up, spattered with blood here.
The porcupine is struck by your spines.
The porcupine bites you but does no damage.
The porcupine is struck by your spines.
The porcupine bites you but does no damage.
You climb upwards.
There is a stone staircase leading down, spattered with blood here.
You feel better. The porcupine bites you.
* * * LOW HITPOINT WARNING * * *
The porcupine closely misses you.
You are struck by the porcupine's spines.
* * * LOW HITPOINT WARNING * * *
You hit the porcupine.
Your attack snaps the porcupine out of its fear.
The porcupine is severely wounded.
The porcupine bites you!
You die...
Kikubaaqudgha rasps: "You have failed me!
Welcome... death!"

#.##..##.#...(..####.####.
#.#...#.........##....>...
#.#.#............#.#..##..
#.....##.........#.#..##..
#########...##.........#.#.....≈
##.......###.##...##.##.#.#.##.♣≈
#..♣..P♣..##......##.##.#.#.##.♣≈
..#♣♣≈♣♣♣.####[...........)....♣≈
###♣≈.♣♣♣.#..>.r@....###.#####.♣≈
# ♣♣≈P♣#...[#.......###.#####.≈≈
♣♣♣♣P≈P♣♣♣♣♣.#....#............♣≈
♣.♣♣≈..≈♣P♣♣.#..#.#..###.####..#♣
≈≈≈≈≈≈≈.≈≈≈.........## ##.###..##
PP♣..≈≈P♣PP♣.#......# #.##...o.
♣♣♣♣♣≈≈♣♣♣♣♣....###.## ##.##..#.#
.♣♣♣♣≈≈♣.♣...........###.###....#
#.♣♣.≈♣♣......#.###.....####.....


You could see a porcupine.

Vanquished Creatures
  Harold (D:8)
  Joseph (D:7)
  A hippogriff (D:7)
  Sigmund (D:3)
  Menkaure (D:6)
  2 black bears
  An orc warrior (D:7)
  An ogre (D:5)
  2 sky beasts
  A centaur (D:6)
  2 bullfrogs
  5 wights
  2 electric eels (D:7)
  4 crimson imps
  2 bullfrog zombies (D:4)
  A bullfrog skeleton (D:4)
  2 centaur zombies (D:4)
  3 jellies
  6 hounds
  5 orc wizards
  3 orc priests
  Jessica (D:2)
  An iguana (D:5)
  Ijyb (D:3)
  Terence (D:3)
  7 worker ants
  2 hound skeletons
  4 worker ant zombies
  Robin (D:3)
  7 gnolls
  A howler monkey skeleton (D:5)
  5 adders
  4 oozes
  2 adder skeletons
  3 adder zombies (D:4)
  2 worms
  4 dart slugs
  3 leopard geckos
  26 orcs
  4 bats
  4 giant cockroaches
  20 goblins
  11 hobgoblins
  11 jackals
  7 kobolds
  3 quokkas
  2 ball pythons (D:3)
  4 frilled lizards
  2 leopard gecko skeletons
  A leopard gecko zombie (D:4)
  A quokka zombie (D:4)
  8 rats
200 creatures vanquished.

Vanquished Creatures (others)
  An orc (D:6)
  19 fungi (D:8)
  5 plants (D:8)
25 creatures vanquished.

Grand Total: 225 creatures vanquished

Notes
Turn   | Place    | Note
-------+----------+-------------------------------------------
     0 | D:1      | Gorice the Demonspawn Monk began the quest for the Orb.
     0 | D:1      | Reached XP level 1. HP: 18/18 MP: 1/1
    90 | D:1      | Reached skill level 3 in Axes
   308 | D:1      | Gained mutation: You are partially covered in sharp spines.
                  | [demonic ancestry]
   308 | D:1      | Reached XP level 2. HP: 12/24 MP: 2/2
   921 | D:1      | Reached XP level 3. HP: 22/29 MP: 3/3
  1372 | D:2      | Reached skill level 4 in Axes
  1897 | D:2      | Noticed Jessica
  2332 | D:3      | Reached XP level 4. HP: 35/35 MP: 4/4
  2784 | D:3      | Reached skill level 5 in Axes
  2878 | D:3      | Noticed Ijyb
  2933 | D:3      | Killed Ijyb
  2943 | D:3      | Noticed Sigmund
  2974 | D:2      | Reached XP level 5. HP: 26/41 MP: 5/5
  3099 | D:3      | Paralysed by a goblin for 6 turns
  3162 | D:3      | Noticed Robin
  3548 | D:2      | Killed Jessica
  3548 | D:2      | Reached skill level 1 in Armour
  3732 | D:3      | Killed Sigmund
  3732 | D:3      | Reached skill level 6 in Axes
  3732 | D:3      | Reached skill level 2 in Armour
  3732 | D:3      | Gained mutation: You have a pair of small horns on your
                  | head. [demonic ancestry]
  3732 | D:3      | Reached XP level 6. HP: 47/47 MP: 6/6
  3740 | D:3      | Killed Robin
  3841 | D:3      | Noticed Terence
  3857 | D:3      | Killed Terence
  4053 | D:4      | Reached XP level 7. HP: 41/52 MP: 7/7
  4158 | D:4      | Reached skill level 7 in Axes
  4205 | D:4      | Reached skill level 3 in Armour
  4869 | D:5      | Entered Level 5 of the Dungeon
  5191 | D:5      | Gained mutation: You are partially covered in molten
                  | scales. (AC +2) [demonic ancestry]
  5191 | D:5      | Reached XP level 8. HP: 51/58 MP: 8/8
  5281 | D:5      | Reached skill level 8 in Axes
  5423 | D:5      | Reached skill level 4 in Armour
  5688 | D:5      | Found a staircase to the Ecumenical Temple.
  5701 | Temple   | Entered the Ecumenical Temple
  5788 | Temple   | Became a worshipper of Kikubaaqudgha
  5788 | Temple   | Reached * piety under Kikubaaqudgha
  5788 | Temple   | Identified Kikubaaqudgha's Incunabulum of Darkness
                  | (Kikubaaqudgha gifted it to you in the Ecumenical Temple)
  5788 | Temple   | Received a gift from Kikubaaqudgha
  5788 | Temple   | Reached ** piety under Kikubaaqudgha
  5792 | Temple   | Learned a level 1 spell: Animate Skeleton
  6124 | D:6      | Found a shimmering altar of Xom.
  6324 | D:6      | Got a steaming glass ring
  6325 | D:6      | Identified the ring of Pragmatism {rC+ Str+4 Int+2} (You
                  | found it on level 6 of the Dungeon)
  6326 | D:6      | --that is fairly pragmatic...
  6375 | D:6      | Reached skill level 9 in Axes
  6395 | D:6      | Found Laneohim's Book Emporium.
  6424 | D:6      | Reached skill level 5 in Armour
  6609 | D:6      | Found a runed translucent door.
  6610 | D:6      | Noticed Tiagovsky's ghost (novice MiFi)
  6631 | D:6      | Noticed Menkaure
  6644 | D:6      | Killed Menkaure
  7227 | D:7      | Noticed a hippogriff
  7238 | D:7      | Killed a hippogriff
  7238 | D:7      | Gained mutation: You are immune to rotting. [demonic
                  | ancestry]
  7238 | D:7      | Reached XP level 9. HP: 30/63 MP: 9/9
  7534 | D:7      | Reached skill level 10 in Axes
  7544 | D:7      | HP: 13/63 [orc priest/divine providence (10)]
  8042 | D:7      | Noticed Joseph
  8071 | D:7      | Killed Joseph
  8071 | D:7      | Reached skill level 6 in Armour
  8722 | D:8      | Found a deep blue altar of Sif Muna.
  8942 | D:8      | Noticed Harold
  8988 | D:8      | Killed Harold
  8988 | D:8      | Reached skill level 11 in Axes
  8988 | D:8      | Reached skill level 7 in Armour
  8988 | D:8      | Reached XP level 10. HP: 27/70 MP: 10/10
  8993 | D:8      | HP: 14/70 [porcupine's spines (11)]
  9000 | D:7      | HP: 15/70 [porcupine (1)]
  9004 | D:7      | HP: 3/70 [porcupine's spines (12)]
  9004 | D:7      | Slain by a porcupine

Skill      XL: |  1  2  3  4  5  6  7  8  9 |
---------------+----------------------------+-----
Axes           | 3 4 5 6 7 9 11 | 11.3
Armour         | 2 3 5 7 |  7.0
Fighting       | |  3.0
Dodging        | |  2.6
Stealth        | |  1.7

Action                   |  1- 3 |  4- 6 |  7- 9 | 10-12 || total
-------------------------+-------+-------+-------+-------++-------
Melee: Hand axe          |   100 |   167 |   145 |       ||   412
       Headbutt          |       |     8 |    74 |       ||    82
       War axe           |       |       |   145 |     2 ||   147
 Fire: Hunting sling     |       |    29 |    57 |       ||    86
       Shortbow          |       |       |    39 |       ||    39
Throw: Throwing net      |       |     2 |       |       ||     2
       Stone             |       |     1 |       |       ||     1
       Tomahawk          |       |     1 |     1 |       ||     2
Evoke: Wand              |       |     2 |     2 |       ||     4
  Use: Scroll            |     4 |     6 |     6 |     1 ||    17
       Potion            |       |       |       |     1 ||     1
 Stab: Sleeping          |     5 |       |       |       ||     5
       Held in net/web   |       |     2 |       |       ||     2
       Paralysed         |       |     6 |       |       ||     6
  Eat: Chunk             |     4 |     6 |    16 |       ||    26
Armor: Robe              |    12 |    12 |       |       ||    24
       Scale mail        |       |    19 |       |       ||    19
       Chain mail        |       |    16 |   145 |     3 ||   164
Dodge: Dodged            |    52 |    89 |    85 |     4 ||   230
Block: Other             |     7 |    30 |    24 |     1 ||    62

Table legend:
 A = Turns spent in this place as a percentage of turns spent in the entire game.
 B = Non-inter-level travel turns spent in this place as a percentage of non-inter-level travel turns spent in the entire game.
 C = Inter-level travel turns spent in this place as a percentage of turns spent in this place.
 D = Turns resting spent in this place as a percentage of non-inter-level travel turns spent in this place.
 E = Turns spent auto-exploring this place as a percentage of non-inter-level travel turns spent in this place.
 F = Non-inter-level travel turns spent in this place divided by the number of levels of this place that you've seen.
                   A       B       C       D       E      F
               +-------+-------+-------+-------+-------+----------------------
         Total | 100.0 | 100.0 |   5.6 |  29.4 |  37.5 | 944.8
       Dungeon |  98.9 |  98.9 |   5.6 |  29.7 |  37.1 | 1051.4
        Temple |   1.1 |   1.1 |   4.2 |   0.0 |  77.2 |  92.0
               +-------+-------+-------+-------+-------+----------------------

Levels and vault maps discovered:
D:1:      psy_arrival_dodecagon, layout_loops_ring, roderic_nine_men_s_morris,
          corexii_hall_statues_i
D:2:      layout_basic, uniq_jessica
D:3:      layout_rooms, uniq_robin, uniq_terence, uniq_sigmund, uniq_ijyb
D:4:      layout_basic, serial_undead, serial_undead_b, serial_undead_b,
          serial_undead_d, serial_undead_f, serial_undead_e, serial_undead_b,
          minmay_goblin_kobold_house
D:5:      layout_cave_pods, temple_hall, first_ration
D:6:      layout_basic, xom_confusion_cloud, ebering_ghost_reflecting_pool,
          serial_curves, eino_curves_03, eino_curves_01, serial_shops,
          kennysheep_little_box, uniq_menkaure
D:7:      layout_loops_cross, serial_bayou, serial_bayou_crossing,
          serial_bayou_ford_a, serial_bayou_lagoon_a, serial_bayou_shore_b,
          uniq_joseph
D:8:      layout_loops_ring, due_lair_maze_entry_diamond, basic_altar,
          uniq_harold, uniq_psyche
Temple:   grunt_wide_crystal_templ
